Map: 블러드 보일 - 래더

Players

herO - Winner!

  • Race: Protoss Protoss
  • League: Grandmaster
  • Spawn Location: 11:00

INnoVation

  • Race: Terran Terran
  • League: Grandmaster
  • Spawn Location: 5:00

VOD

Have the link to the VOD?

Description

Time

  • Played on: May 23, 2017, 8:50 a.m.
  • Length: 4:57
Show
View Real Time Build Order
Export as new Build Order

herO Protoss - Winner!

Build Orders: Oracle Opening 

Get SALT Encoding   

  12  0:00  Unknown  
  13  0:12  Pylon  
  13  0:13  Probe (Chrono Boost)  
  13  0:23  Probe (Chrono Boost)  
  14  0:30  Gateway  
  14  0:35  Probe (Chrono Boost)  
  15  0:41  Assimilator  
  15  0:46  Probe (Chrono Boost)  
  16  0:53  Assimilator  
  16  0:56  Probe (Chrono Boost)  
  17  1:07  Probe (Chrono Boost)  
  18  1:18  Probe (Chrono Boost), Cybernetics Core  
  19  1:21  Zealot  
  22  1:35  Pylon  
  22  1:40  Probe (Chrono Boost)  
  22  1:55  Mothership Core (Chrono Boost)  
  22  1:57  Assimilator  
  24  2:07  Stargate  
  24  2:13  Probe (Chrono Boost)  
  24  2:20  Adept  
  26  2:25  Probe (Chrono Boost)  
  27  2:30  Warp Gate  
  27  2:39  Pylon  
  27  2:42  Probe (Chrono Boost)  
  28  2:48  Oracle  
  32  3:00  Probe (Chrono Boost)  
  32  3:12  Probe (Chrono Boost)  
  33  3:19  Oracle  
  36  3:28  Gateway  
  36  3:36  Pylon  
  36  3:48  Gateway  
  36  3:50  Oracle  
  39  4:01  Pylon  
  37  4:06  Probe (Chrono Boost)  
  38  4:10  Pylon  
  33  4:38  Stalker x2  
  40  4:42  Stalker  
Show
View Real Time Build Order
Export as new Build Order

INnoVation Terran 

Build Orders: Cyclone Opening, Reaper Expand 

Get SALT Encoding   

  12  0:00  Unknown, SCV  
  13  0:12  SCV  
  14  0:17  Supply Depot  
  14  0:24  SCV  
  15  0:29  Refinery  
  15  0:39  SCV  
  16  0:45  Barracks  
  16  0:51  SCV  
  17  1:03  SCV  
  18  1:15  SCV  
  19  1:32  Reaper, Orbital Command  
  20  1:52  Command Center  
  20  1:58  Factory  
  20  2:02  SCV  
  20  2:07  Barracks Reactor  
  21  2:12  Supply Depot  
  21  2:15  SCV  
  22  2:27  SCV  
  23  2:37  Bunker  
  23  2:41  Engineering Bay  
  23  2:43  Marine x2  
  25  2:45  Cyclone  
  28  3:01  Marine x2  
  29  3:08  Missile Turret  
  30  3:20  Cyclone  
  30  3:26  Supply Depot  
  30  3:31  Orbital Command  
  30  3:40  Refinery  
  30  3:47  SCV  
  30  3:48  Marine x2  
  30  3:56  Cyclone  
  30  4:00  SCV  
  34  4:05  Supply Depot, SCV  
  34  4:08  Marine  
  36  4:10  Marine  
  36  4:12  SCV  
  36  4:18  SCV  
  36  4:24  SCV  
  38  4:26  Marine  
  38  4:28  Marine  
  38  4:31  SCV  
  36  4:36  SCV  
  36  4:45  SCV  
  36  4:51  Supply Depot  
Tags
 
Add a new tag
Caveats
  • Supply blocks, unpowered buildings, or Contaminate may cause inaccurate times.
  • Supply counts are checked every 10 seconds.